 Dungeon Crawl Stone Soup version 0.19-a0-1201-gda63bca (webtiles) character file.

1731 epen the Insei (level 8, -3/64 HPs)
             Began as a Demonspawn Monk on Aug 20, 2016.
             Was a Believer of Cheibriados.
             Slain by a vampire mosquito (10 damage)
             ... on level 7 of the Dungeon.
             The game lasted 00:14:10 (8349 turns).

epen the Insei (Demonspawn Monk)                    Turns: 8349, Time: 00:14:11

Health: -3/64      AC:  6    Str: 14 (17) XL:     8   Next: 76%
Magic:  10/10      EV: 17    Int: 16 (19) God:    Cheibriados [**....]
Gold:   304        SH:  4    Dex: 22 (23) Spells: 0 memorised, 7 levels left

rFire  . . .     SeeInvis +       - Unarmed
rCold  + . .     Gourm    +     w - +0 robe {Archmagi}
rNeg   . . .     Faith    .     (no shield)
rPois  +         Spirit   .     (helmet restricted)
rElec  .         Dismiss  .     (no cloak)
rCorr  .         Reflect  .     (no gloves)
MR     .....     Harm     .     (no boots)
Stlth  ++........               n - amulet of the gourmand
                                j - ring of protection from cold
                                m - ring of see invisible

@: very slow
A: horns 1, large bone plates 3, poison resistance
a: Bend Time, Renounce Religion


You were on level 7 of the Dungeon.
You worshipped Cheibriados.
Cheibriados was pleased with you.
You were completely stuffed.

You visited 2 branches of the dungeon, and saw 8 of its levels.

You collected 304 gold pieces.

Inventory:

Armour
 a - a +0 robe
 c - a +0 helmet
 w - a +0 robe of the Archmagi (worn)
Jewellery
 d - an uncursed ring of flight
 j - a ring of protection from cold (right hand)
 m - a ring of see invisible (left hand)
 n - an amulet of the gourmand (around neck)
 s - an uncursed ring of protection from cold
Wands
 e - a wand of teleportation (0/9)
 i - a wand of digging (19/24)
 k - a wand of iceblast (2/15)
 r - a wand of iceblast (7/15)
 x - a wand of slowing (19/48)
Scrolls
 h - 3 scrolls of random uselessness
 l - 2 scrolls of identify
 p - a scroll of blinking {unknown}
 q - 2 scrolls of remove curse
 u - a scroll of enchant armour {unknown}
 v - a scroll of magic mapping {unknown}
 y - a scroll of enchant weapon {unknown}
 B - a scroll of recharging
 D - a scroll of amnesia {unknown}
Potions
 f - a potion of beneficial mutation
 t - a potion of cancellation
Books
 o - a book of Frost

   Spells                             Type                      Level
   a - Freeze                         Ice                          1
   b - Throw Frost                    Conjuration/Ice              2
   c - Ozocubu's Armour               Charms/Ice                   3
   d - Throw Icicle                   Conjuration/Ice              4
   e - Summon Ice Beast               Ice/Summoning                4
Comestibles
 b - 6 bread rations
 g - 5 meat rations
 A - 5 fruits
 C - 4 chunks of flesh


   Skills:
 + Level 6.3 Fighting
 + Level 5.6 Dodging
 - Level 1.7 Stealth
 * Level 7.6 Unarmed Combat
 + Level 3.0 Invocations


You had 7 spell levels left.
You didn't know any spells.

Dungeon Overview and Level Annotations

Branches:
Dungeon (7/15)             Temple (1/1) D:6

Altars:
Ashenzari
Cheibriados
Dithmenos
Elyvilon
Fedhas
Gozag
Hepliaklqana
Makhleb
Okawaru
Trog
Uskayaw
Vehumet
Yredelemnul
Zin
The Shining One

Shops:
D:7 [

Annotations:
D:3 Grinder, Pikel, Sigmund
D:5 Malvoorn's ghost, novice DsAK


Innate Abilities, Weirdness & Mutations

You have a pair of small horns on your head.
You are completely covered in large bone plates. (AC +4, SH +4)
Your system is resistant to poisons. (rPois)


Message History

The vampire mosquito bites you but does no damage.
The vampire mosquito completely misses you.
The vampire mosquito bites you but does no damage. x2
The vampire mosquito bites you!
The vampire mosquito draws strength from your injuries!
The vampire mosquito bites you but does no damage.
The vampire mosquito bites you!
The vampire mosquito draws strength from your injuries!
It was a potion of degeneration.
There was something very wrong with that liquid.
You feel weakened.
You feel dopey.
You feel clumsy. The vampire mosquito bites you!
* * * LOW HITPOINT WARNING * * *
The vampire mosquito draws strength from your injuries!
The vampire mosquito completely misses you.
The vampire mosquito bites you!
* * * LOW HITPOINT WARNING * * *
The vampire mosquito draws strength from your injuries!
The vampire mosquito bites you!
You die...

.....####..##..#. .......
....## ##................
.....# #.........#.......
.....###.................
......#..)...............
........)................
........)........g.......
....####........yy.......
...## #...###..@yy......
..## ##..###...###......
..# #..........# ......
#.# ##..........## .....
#.####..####......####...
..#...### ##....#..# #.#
#####.# ##(.##### ## #.#
##.# ### ###


You could see 4 vampire mosquitoes and a gnoll.

Vanquished Creatures
  Edmund (D:4)
  Duvessa (D:6)
  An ice beast (D:5)
  4 slaves (D:4)
  An eye of draining (D:4)
  2 ogres (D:7)
  A centaur (D:7)
  A phantom (D:7)
  Blork the orc (D:4)
  A giant frog (D:7)
  Dowan (D:6)
  2 scorpions
  A howler monkey (D:7)
  2 crimson imps
  An orc priest (D:5)
  A jelly (D:7)
  An iguana (D:7)
  4 orc wizards
  3 worker ants
  A killer bee zombie (D:7)
  A hound zombie (D:7)
  10 gnolls
  9 adders
  A shadow imp (D:5)
  2 oozes (D:4)
  2 adder skeletons
  A dart slug (D:1)
  5 giant geckos
  33 orcs
  4 giant cockroaches
  11 goblins
  9 hobgoblins
  2 jackals (D:3)
  2 quokkas
  7 bats
  5 giant newts
  17 kobolds
  8 rats
160 creatures vanquished.

Vanquished Creatures (others)
  A giant cockroach (D:3)
1 creature vanquished.

Grand Total: 161 creatures vanquished

Notes
Turn   | Place    | Note
-------+----------+-------------------------------------------
     0 | D:1      | epen the Demonspawn Monk began the quest for the Orb.
     0 | D:1      | Reached XP level 1. HP: 18/18 MP: 1/1
   130 | D:1      | Gained mutation: You are partially covered in large bone plates. (AC +2, SH +2) [demonic ancestry]
   130 | D:1      | Reached XP level 2. HP: 16/24 MP: 2/2
   465 | D:1      | Reached skill level 3 in Unarmed Combat
   975 | D:2      | Gained mutation: You have a pair of small horns on your head. [demonic ancestry]
   975 | D:2      | Reached XP level 3. HP: 29/29 MP: 3/3
  1240 | D:2      | Found a blossoming altar of Fedhas.
  1718 | D:3      | Gained mutation: You are mostly covered in large bone plates. (AC +3, SH +3) [demonic ancestry]
  1718 | D:3      | Reached XP level 4. HP: 12/36 MP: 4/4
  2100 | D:3      | Found a radiant altar of Vehumet.
  2181 | D:3      | Reached skill level 4 in Unarmed Combat
  2186 | D:3      | Gained mutation: Your system is resistant to poisons. (rPois) [potion of beneficial mutation]
  2192 | D:3      | Reached XP level 5. HP: 11/42 MP: 5/5
  2638 | D:3      | Noticed Sigmund
  2656 | D:3      | Noticed Grinder
  2854 | D:4      | Found a hide-covered altar of Uskayaw.
  2854 | D:4      | Noticed a hand axe
  2854 | D:4      | Noticed a hand axe
  3182 | D:4      | Noticed an eye of draining
  3183 | D:4      | Found a bloodstained altar of Trog.
  3203 | D:4      | Killed an eye of draining
  3203 | D:4      | Gained mutation: You are completely covered in large bone plates. (AC +4, SH +4) [demonic ancestry]
  3203 | D:4      | Reached XP level 6. HP: 37/48 MP: 1/6
  3243 | D:4      | Found an opulent altar of Gozag.
  3331 | D:4      | Noticed Edmund
  3347 | D:4      | Killed Edmund
  3347 | D:4      | Reached skill level 5 in Unarmed Combat
  3382 | D:4      | Noticed a slave
  3382 | D:4      | Noticed a slave
  3382 | D:4      | Noticed a slave
  3383 | D:4      | Noticed Pikel
  3383 | D:4      | Noticed a slave
  3487 | D:4      | Noticed Blork the orc
  3789 | D:4      | Killed a slave
  3944 | D:4      | Killed Blork the orc
  3944 | D:4      | Reached XP level 7. HP: 43/55 MP: 7/7
  4571 | D:5      | Entered Level 5 of the Dungeon
  4724 | D:5      | Noticed Malvoorn's ghost (novice DsAK)
  4786 | D:5      | HP: 1/55 [Malvoorn's ghost (7)]
  4825 | D:5      | HP: 1/55 [Malvoorn's ghost (7)]
  5219 | D:5      | Found a bloodstained altar of Trog.
  6237 | D:5      | Found a burning altar of Makhleb.
  6249 | D:5      | Reached skill level 5 in Fighting
  6249 | D:5      | Reached skill level 6 in Unarmed Combat
  6671 | D:6      | Found a staircase to the Ecumenical Temple.
  6676 | Temple   | Entered the Ecumenical Temple
  6712 | Temple   | Became a worshipper of Cheibriados the Contemplative
  6712 | Temple   | Reached * piety under Cheibriados
  6712 | Temple   | Reached ** piety under Cheibriados
  6735 | D:6      | Found a shadowy altar of Dithmenos.
  6738 | D:6      | Noticed Duvessa
  6740 | D:6      | Noticed Dowan
  6747 | D:6      | Killed Duvessa
  6747 | D:6      | Reached skill level 5 in Dodging
  6747 | D:6      | Reached XP level 8. HP: 40/63 MP: 8/8
  6758 | D:6      | Killed Dowan
  6771 | D:6      | Found a glowing golden altar of the Shining One.
  6912 | D:6      | Found a shattered altar of Ashenzari.
  7592 | D:7      | Found Nusor's Antique Armour Emporium.
  7730 | D:7      | Reached skill level 7 in Unarmed Combat
  7730 | D:7      | Reached skill level 1 in Invocations
  8349 | D:7      | Slain by a vampire mosquito

Vault maps used:
D:1:      dpeg_arrival_round_b
D:2:      lemuel_doored_altar, minivault_4, grunt_ministairs_4,
          serial_park_tiny_2
D:3:      fiery_altar_vehumet, first_bread, st_stairs_6,
          minmay_misc_feat_more_columns, minmay_liquid_box, fountainhead,
          uniq_grinder, uniq_sigmund
D:4:      kennysheep_mini_moat, dancing_weapons_uskayaw,
          nicolae_ossuary_entry_monument, hangedman_abyss_or_decor_stabs,
          minmay_misc_feat_encased, trog_eyes_of_draining, uniq_pikel,
          uniq_edmund, uniq_blork_the_orc
D:5:      lemuel_crystal_altar, bloody_makhleb
D:6:      ashenzari_altar_1, minitemple, uniq_duvessa
D:7:      serial_shops, shop
Temple:   compressed_dpeg_circular_temple

Skill      XL: |  1  2  3  4  5  6  7  8 |
---------------+-------------------------+-----
Dodging        | 3 4 5 |  5.6
Unarmed Combat | 3 4 5 6 7 |  7.6
Fighting       | 4 5 6 |  6.3
Invocations    | 3 |  3.0
Stealth        | |  1.7

Action                   |  1- 3 |  4- 6 |  7- 9 || total
-------------------------+-------+-------+-------++-------
Melee: Unarmed           |   184 |   216 |   347 ||   747
       Headbutt          |    17 |    33 |    76 ||   126
       Punch             |     2 |     7 |    10 ||    19
Evoke: Wand              |       |     1 |     3 ||     4
  Use: Potion            |       |     3 |     2 ||     5
       Scroll            |       |     5 |       ||     5
 Stab: Sleeping          |     2 |     2 |     7 ||    11
       Distracted        |       |       |     1 ||     1
  Eat: Chunk             |     6 |    14 |    12 ||    32
Armor: Robe              |    47 |    37 |    54 ||   138
Dodge: Dodged            |   117 |   158 |   224 ||   499
Block: Other             |    12 |    24 |    43 ||    79
